 Dungeon Crawl Stone Soup version 0.18-a0-1774-gce1f7b6 (webtiles) character file.

35 namelastname112 the Sneak (level 3, -2/18 HPs)
             Began as a Vine Stalker Assassin on Apr 15, 2016.
             Slain by Natasha (4 damage)
             ... on level 2 of the Dungeon.
             The game lasted 00:01:05 (1127 turns).

namelastname112 the Sneak (Vine Stalker Assassin)   Turns: 1127, Time: 00:01:06

Health: -2/18      AC:  4    Str: 13    XL:     3   Next: 33%
Magic:  0/4        EV: 12    Int: 11    God:
Gold:   92         SH:  0    Dex: 16    Spells: 0 memorised, 2 levels left

rFire  . . .     SeeInvis .     a - +2 dagger
rCold  . . .     Gourm    .     c - +0 robe
rNeg   . . .     Faith    .     (no shield)
rPois  .         Spirit   +     o - +0 helmet
rElec  .         Dismiss  .     d - +0 cloak
rCorr  .         Reflect  .     (no gloves)
SustAt .         Harm     .     (no boots)
MR     .....                    l - amulet of inaccuracy (curse)
Stlth  +++.......               (no ring)
                                (no ring)

@: slowed, very slow, not resistant to hostile enchantments, fairly stealthy
A: fangs 2, regeneration 1, magic shield, antimagic bite, no device heal 3, rot
immunity
a: no special abilities


You were on level 2 of the Dungeon.
You were hungry.

You visited 1 branch of the dungeon, and saw 2 of its levels.

You collected 92 gold pieces.

Inventory:

Hand Weapons
 a - a +2 dagger (weapon)
 b - a +0 blowgun
Missiles
 e - 8 poisoned needles
 f - 2 curare-tipped needles
Armour
 c - a +0 robe (worn)
 d - a +0 cloak (worn)
 o - a +0 helmet (worn)
Jewellery
 l - a cursed amulet of inaccuracy (around neck)
Scrolls
 h - 2 scrolls of blinking {unknown}
 m - a scroll of remove curse {unknown}
 q - a scroll of identify {unknown}
 r - a scroll of amnesia {unknown}
Potions
 i - a potion of agility {unknown}
 j - 2 potions of flight {unknown}
 n - a potion of invisibility {unknown}
 p - a potion of mutation {unknown}
Comestibles
 g - 2 bread rations
 k - a slice of pizza


   Skills:
 + Level 1.7 Fighting
 * Level 2.4 Short Blades
 + Level 2.1 Throwing
 + Level 1.3 Dodging
 * Level 5.1 Stealth


You had 2 spell levels left.
You didn't know any spells.

Dungeon Overview and Level Annotations

Branches:
Dungeon (2/15)

Altars:

Annotations:
D:2 Natasha


Innate Abilities, Weirdness & Mutations

You have extremely sharp teeth.
Your natural rate of healing is unusually fast.
When hurt, damage is shared between your health and your magic reserves.
Your bite disrupts and absorbs the magic of your enemies.
Potions and wands cannot restore your health.
You are immune to rotting.


Message History

You hit Natasha.
Natasha is heavily wounded.
Natasha claws you. The shadow imp misses you.
You hit Natasha.
Natasha is severely wounded.
Natasha casts a spell at you.
You feel yourself slow down. The shadow imp hits you.
You take 2 damage, and have 12/18 hp.
You now have 1/4 mp.
You miss Natasha.
Natasha is severely wounded.
Natasha claws you. The shadow imp gestures at you.
You barely resist.
You take 3 damage, and have 9/18 hp.
You miss Natasha.
Natasha is severely wounded.
Natasha claws you!
* * * LOW HITPOINT WARNING * * *
The shadow imp barely misses you. Natasha claws you.
You die...

##.....# #.....#
##....# ###
#..#.# ....
..>#.# #....
###...# #....
#...#
l...####g..#
#####..5@...#
#.......#h#.#
#.......#...
#####
#.......##$%#
#...# #.......#
..# #...#
#####.### ).#
#...#########.##
..
....'..........#
.#.
#...############


You could see Natasha, a shadow imp, a hobgoblin and a giant newt (sleeping).

Vanquished Creatures
  An adder (D:2)
  2 giant geckos
  7 bats
  3 goblins
  3 hobgoblins (D:1)
  4 kobolds
  2 giant newts (D:2)
22 creatures vanquished.

Notes
Turn   | Place    | Note
--------------------------------------------------------------
     0 | D:1      | namelastname112 the Vine Stalker Assassin began the quest for the Orb.
     0 | D:1      | Reached XP level 1. HP: 11/11 MP: 2/2
   140 | D:1      | Reached skill level 1 in Dodging
   204 | D:1      | Reached XP level 2. HP: 15/15 MP: 3/3
   928 | D:2      | Reached skill level 5 in Stealth
  1040 | D:2      | Reached XP level 3. HP: 18/18 MP: 4/4
  1111 | D:2      | Noticed Natasha
  1127 | D:2      | Slain by Natasha

Vault maps used:
D:1:      dpeg_arrival_refuge
D:2:      uniq_natasha

Skill      XL: |  1  2 |
---------------+-------+-----
Short Blades   | 2 |  2.4
Dodging        | 1 |  1.3
Throwing       | 2 |  2.1
Stealth        | 5 |  5.1
Fighting       | |  1.7

Action                   || total
-------------------------++-------
Melee: Dagger            ||    80
       Bite              ||     8
 Stab: Sleeping          ||     9
Armor: Robe              ||    33
Dodge: Dodged            ||    34
